 Dungeon Crawl Stone Soup version 0.20-a0-967-g62cfa5d (webtiles) character file.

4731 Mesmaeker13 the Nimble (level 10, -3/50 HPs)
             Began as a Deep Elf Fire Elementalist on Apr 7, 2017.
             Was a Believer of Vehumet.
             Slain by a two-headed ogre
             ... wielding a +0 giant club
              (27 damage)
             ... on level 9 of the Dungeon.
             The game lasted 00:30:51 (12341 turns).

Mesmaeker13 the Nimble (DEFE)                      Turns: 12341, Time: 00:30:53

Health: -3/50      AC:  4    Str:  8    XL:     10   Next: 22%
Magic:  2/16       EV: 19    Int: 23    God:    Vehumet [**....]
Gold:   409        SH:  0    Dex: 15    Spells: 1/15 levels left

rFire    . . .     SeeInvis .   Q - +0 dagger (elec)
rCold    . . .     Gourm    .   (no shield)
rNeg     . . .     Faith    .   a - +0 robe
rPois    .         Spirit   .   e - +0 hat
rElec    .         Reflect  .   (no cloak)
rCorr    .         Harm     .   y - +0 pair of gloves
MR       +....                  J - +0 pair of boots
Stlth    ++........             x - amulet of regeneration
Regen    0.6/turn               N - +2 ring of strength
MPRegen  0.2/turn               (no ring)

@: very slightly contaminated
A: no striking features
a: Renounce Religion


You were on level 9 of the Dungeon.
You worshipped Vehumet.
Vehumet was pleased with you.
You were very hungry.

You visited 2 branches of the dungeon, and saw 10 of its levels.

You collected 409 gold pieces.

Inventory:

Hand Weapons
 Q - a +0 dagger of electrocution (weapon)
Armour
 a - a +0 robe (worn)
 e - a +0 hat (worn)
 l - a +0 buckler
 y - a +0 pair of gloves (worn)
 J - a +0 pair of boots (worn)
Jewellery
 x - an amulet of regeneration (around neck)
 N - a +2 ring of strength (left hand)
 P - an uncursed ring of poison resistance {unknown}
Wands
 w - a wand of polymorph (1/24)
 H - a wand of disintegration (0/24)
Scrolls
 d - a scroll of magic mapping {unknown}
 k - 4 scrolls of remove curse
 n - a scroll of random uselessness {unknown}
 o - 2 scrolls of recharging
 p - a scroll of noise {unknown}
 r - 2 scrolls of blinking
 v - a scroll of enchant armour {unknown}
 z - a scroll of amnesia {unknown}
 A - 2 scrolls of fog
 B - 2 scrolls of enchant weapon {unknown}
 F - a scroll of teleportation {unknown}
Potions
 f - 3 potions of flight
 h - 3 potions of curing
 j - a potion of resistance {unknown}
 q - a potion of experience {unknown}
 t - a potion of magic {unknown}
 u - 2 potions of agility
 E - a potion of heal wounds
 I - 2 potions of mutation {unknown}
 M - a potion of might {unknown}
Books
 b - a book of Flames

   Spells                             Type                      Level
   a - Flame Tongue                   Conjuration/Fire             1
   b - Throw Flame                    Conjuration/Fire             2
   c - Conjure Flame                  Conjuration/Fire             3
   d - Inner Flame                    Hexes/Fire                   3
   e - Sticky Flame                   Conjuration/Fire             4
   f - Fireball                       Conjuration/Fire             5
 c - the Papyrus of Hurtful Flames
   (You found it on level 9 of the Dungeon)

   Spells                             Type                      Level
   a - Inner Flame                    Hexes/Fire                   3
   b - Sticky Flame                   Conjuration/Fire             4
   c - Iron Shot                      Conjuration/Earth            6
   d - Ring of Flames                 Charms/Fire                  7
 i - a book of Minor Magic

   Spells                             Type                      Level
   a - Magic Dart                     Conjuration                  1
   b - Blink                          Translocation                2
   c - Call Imp                       Summoning                    2
   d - Slow                           Hexes                        2
   e - Conjure Flame                  Conjuration/Fire             3
   f - Mephitic Cloud                 Conjuration/Poison/Air       3
 s - a book of Frost

   Spells                             Type                      Level
   a - Freeze                         Ice                          1
   b - Throw Frost                    Conjuration/Ice              2
   c - Ozocubu's Armour               Charms/Ice                   3
   d - Throw Icicle                   Conjuration/Ice              4
   e - Summon Ice Beast               Ice/Summoning                4
Comestibles
 m - 2 meat rations
 C - a royal jelly
 G - 6 fruits


   Skills:
 + Level 10.1 Dodging
 - Level 2.4 Stealth
 + Level 3.3 Shields
 - Level 3.0 Spellcasting
 + Level 9.0 Conjurations
 + Level 9.7 Fire Magic
 + Level 1.6 Air Magic


You had one spell level left.
You knew the following spells:

 Your Spells              Type           Power        Failure   Level  Hunger
a - Flame Tongue          Conj/Fire      #####        1%          1    None
b - Throw Flame           Conj/Fire      #####.       1%          2    ##.....
c - Conjure Flame         Conj/Fire      #####...     1%          3    ###....
d - Fireball              Conj/Fire      #####.....   10%         5    ######.
e - Mephitic Cloud        Conj/Pois/Air  ###.....     10%         3    ###....


Dungeon Overview and Level Annotations

Branches:
Dungeon (9/15)             Temple (1/1) D:6
   Lair: D:8-11         Orc: D:9-12

Altars:
Ashenzari
Dithmenos
Elyvilon
Fedhas
Gozag
Hepliaklqana
Kikubaaqudgha
Makhleb
Nemelex Xobeh
Okawaru
Qazlal
Ru
Sif Muna
Trog
Uskayaw
Vehumet
Wu Jian
Xom
Yredelemnul
Zin
The Shining One


Message History

Casting: Flame Tongue
Confirm with . or Enter, or press ? or * to list all spells.
Aiming: Flame Tongue
Press: ? - help, Shift-Dir - straight line, f/p - two-headed ogre
Aim: a two-headed ogre, wielding two giant clubs (severely wounded)
The flame tongue hits the two-headed ogre.
The two-headed ogre is severely wounded.
The two-headed ogre misses you. The two-headed ogre barely misses you.
Casting: Flame Tongue
Confirm with . or Enter, or press ? or * to list all spells.
Aiming: Flame Tongue
Press: ? - help, Shift-Dir - straight line, f/p - two-headed ogre
Aim: a two-headed ogre, wielding two giant clubs (severely wounded)
The flame tongue hits the two-headed ogre.
The two-headed ogre is almost dead.
The two-headed ogre hits you with a giant club!!
Ouch! That really hurt!
The two-headed ogre hits you with a giant club!!
Ouch! That really hurt!
You die...

#.†..###
###'####
##.###
#O# #.#
#.# #.#
#.## #.#
#..# #.#
##'# #.#
#......
#O##
#......
#@.#
#......
##.#
#......
#.# ####
#######
#.##.....
#...#
#.#......
#.###...#
#.# ...
#.# ##
###


You could see a two-headed ogre.

Vanquished Creatures
  A two-headed ogre (D:9)
  Joseph (D:7)
  2 yaks (D:9)
  A hungry ghost (D:8)
  A black bear (D:8)
  3 ice beasts
  A sky beast (D:6)
  2 ogres
  A tengu (D:7)
  A boggart (D:4)
  A crocodile (D:7)
  5 bullfrogs
  A big kobold (D:9)
  3 scorpions (D:7)
  5 killer bees
  10 wights
  2 howler monkeys (D:7)
  A centaur zombie (D:6)
  2 crimson imps
  A bullfrog zombie (D:8)
  2 jellies (D:8)
  A quasit (D:5)
  A bullfrog skeleton (D:6)
  A centaur skeleton (D:8)
  4 orc wizards
  6 orc priests
  4 hounds
  2 iguanas
  5 worker ants
  2 killer bee zombies
  A hound zombie (D:7)
  4 hound skeletons
  14 adders
  An ooze (D:4)
  An adder zombie (D:8)
  2 adder skeletons
  3 dart slugs
  4 worms
  3 leopard geckos
  29 orcs
  8 giant cockroaches
  7 goblins
  10 hobgoblins
  2 jackals (D:1)
  4 quokkas
  A ball python (D:2)
  A ball python skeleton (D:4)
  6 bats
  6 frilled lizards
  12 kobolds
  A leopard gecko skeleton (D:4)
  A quokka zombie (D:5)
  10 rats
204 creatures vanquished.

Vanquished Creatures (others)
  A centaur zombie (D:6)
1 creature vanquished.

Grand Total: 205 creatures vanquished

Notes
Turn   | Place    | Note
-------+----------+-------------------------------------------
     0 | D:1      | Mesmaeker13 the Deep Elf Fire Elementalist began the quest for the Orb.
     0 | D:1      | Reached XP level 1. HP: 10/10 MP: 6/6
   300 | D:1      | Reached XP level 2. HP: 15/15 MP: 5/8
   444 | D:1      | Reached skill level 3 in Dodging
   712 | D:2      | Learned a level 2 spell: Throw Flame
   980 | D:2      | Reached XP level 3. HP: 19/19 MP: 7/9
  2207 | D:3      | Reached XP level 4. HP: 24/24 MP: 8/10
  2408 | D:2      | Reached skill level 4 in Dodging
  2709 | D:3      | Reached XP level 5. HP: 20/28 MP: 1/11
  3275 | D:4      | Learned a level 3 spell: Conjure Flame
  3275 | D:4      | Noticed Blork the orc
  3593 | D:4      | Reached skill level 5 in Dodging
  3723 | D:4      | Reached XP level 6. HP: 32/32 MP: 10/12
  3883 | D:4      | Reached skill level 5 in Fire Magic
  4130 | D:4      | Noticed Blork
  4130 | D:4      | Blork the orc changed into Blork the boggart
  4132 | D:4      | Killed Blork the boggart
  4278 | D:4      | Found a hide-covered altar of Uskayaw.
  4634 | D:5      | Entered Level 5 of the Dungeon
  4923 | D:5      | Reached XP level 7. HP: 31/36 MP: 7/13
  5467 | D:6      | Reached skill level 6 in Dodging
  5467 | D:6      | Reached skill level 5 in Conjurations
  6258 | D:6      | Reached XP level 8. HP: 32/41 MP: 1/14
  6518 | D:6      | Found a staircase to the Ecumenical Temple.
  6527 | Temple   | Entered the Ecumenical Temple
  6638 | Temple   | Became a worshipper of Vehumet
  6964 | D:7      | Found a white marble altar of Elyvilon.
  7059 | D:7      | Reached skill level 7 in Dodging
  8491 | D:7      | Reached skill level 8 in Dodging
  8604 | D:7      | Learned a level 5 spell: Fireball
  8823 | D:7      | Noticed Joseph
  8850 | D:7      | Killed Joseph
  8850 | D:7      | Reached XP level 9. HP: 45/45 MP: 0/15
  9213 | D:7      | Reached * piety under Vehumet
  9213 | D:7      | Offered knowledge of Sting by Vehumet.
  9234 | D:7      | Learned a level 3 spell: Mephitic Cloud
  9621 | D:8      | Reached skill level 9 in Dodging
  9693 | D:7      | HP: 2/45 [wyvern (14)]
  9799 | D:7      | Reached skill level 1 in Shields
 10056 | D:8      | Found a shattered altar of Ashenzari.
 10075 | D:8      | Found a deep blue altar of Sif Muna.
 11297 | D:9      | Noticed a troll
 11322 | D:9      | Reached ** piety under Vehumet
 11326 | D:9      | Offered knowledge of Sandblast by Vehumet.
 11593 | D:9      | Reached XP level 10. HP: 50/50 MP: 14/16
 11815 | D:9      | Noticed a green ugly thing
 12143 | D:9      | Identified the Papyrus of Hurtful Flames
 12147 | D:9      | Noticed a two-headed ogre
 12163 | D:9      | Killed a two-headed ogre
 12163 | D:9      | Reached skill level 10 in Dodging
 12163 | D:9      | Reached skill level 1 in Air Magic
 12268 | D:9      | Noticed a two-headed ogre
 12341 | D:9      | Slain by a two-headed ogre

Vault maps used:
D:1:      dpeg_arrival_simpleton_b, minmay_heptomino_d4
D:2:      minmay_door_path
D:4:      serial_bayou_pond_c, minmay_misc_feat_four_crosses,
          lemuel_statue_altar, uniq_blork_the_orc
D:5:      first_bread
D:6:      lemuel_temple_firewalk_a, serial_bayou_pond_d
D:7:      lemuel_round_altar, uniq_joseph
D:8:      grunt_temple_overflow_open
D:9:      lemuel_coloured_pillars_altar
Temple:   dpeg_five_rooms_temple

Skill      XL: |  1  2  3  4  5  6  7  8  9 10 |
---------------+-------------------------------+-----
Dodging        | 3 4 5 6 8 9 10 | 10.1
Conjurations   | 2 3 4 5 7 8 9 |  9.0
Fire Magic     | 4 5 6 8 9 |  9.7
Shields        | 3 |  3.3
Air Magic      | 1 |  1.6
Stealth        | |  2.4
Spellcasting   | |  3.0

Action                   |  1- 3 |  4- 6 |  7- 9 | 10-12 || total
-------------------------+-------+-------+-------+-------++-------
Melee: Dagger            |    13 |     2 |     8 |     3 ||    26
       Unarmed           |     1 |       |       |       ||     1
 Cast: Flame Tongue      |    87 |    77 |   333 |    33 ||   530
       Throw Flame       |     3 |    18 |    22 |     4 ||    47
       Conjure Flame     |       |       |     4 |       ||     4
       Fireball          |       |       |     2 |     1 ||     3
       Mephitic Cloud    |       |       |       |     8 ||     8
Evoke: Wand              |       |     1 |    21 |     2 ||    24
  Use: Scroll            |       |     1 |    11 |     2 ||    14
       Potion            |       |       |     4 |       ||     4
  Eat: Chunk             |     4 |     5 |     5 |     1 ||    15
       Bread ration      |       |     1 |     4 |       ||     5
Armor: Robe              |     9 |     5 |    24 |       ||    38
       Skin              |       |       |     3 |       ||     3
Dodge: Dodged            |    29 |    31 |   183 |     8 ||   251
